 Dungeon Crawl Stone Soup version 0.26.0-57-g60708a5e39 (webtiles) character file.

Game seed: 1181699283986928045

56 KittyFluff the Bolt Thrower (level 3, 0/22 HPs)
             Began as a Gargoyle Hunter on Feb 1, 2021.
             Slain by a worm (2 damage)
             ... on level 2 of the Dungeon.
             The game lasted 00:09:21 (1467 turns).

KittyFluff the Bolt Thrower (Gargoyle Hunter)       Turns: 1467, Time: 00:09:21

Health: 0/22       AC:  7    Str: 15    XL:     3   Next: 95%
Magic:  3/3        EV: 11    Int: 11    God:
Gold:   61         SH:  0    Dex: 11    Spells: 2/2 levels left

rFire    . . .     SeeInvis .   b - +0 club
rCold    . . .     Faith    .   (no shield)
rNeg     + . .     Spirit   .   c - +0 leather armour
rPois    ∞         Reflect  .   (no helmet)
rElec    +         Harm     .   (no cloak)
rCorr    .         Rampage  .   k - +0 pair of gloves
Will     .....                  (no boots)
Stlth    +.........             (no amulet)
HPRegen  0.07/turn              (no ring)
MPRegen  0.08/turn              (no ring)

@: no status effects
A: negative energy resistance 1, electricity resistance, unbreathing,
petrification resistance, miasma immunity, AC +3
a: no special abilities


You were on level 2 of the Dungeon.
You visited 1 branch of the dungeon, and saw 2 of its levels.

You collected 61 gold pieces.

Inventory:

Hand Weapons
 a - a +1 hand crossbow
 b - a +0 club (weapon)
 f - a +0 short sword
Missiles
 d - 14 bolts
 o - 9 poisoned darts (quivered)
Armour
 c - a +0 leather armour (worn)
 k - a +0 pair of gloves (worn)
Scrolls
 e - a scroll of enchant weapon {unknown}
 g - a scroll of enchant armour {unknown}
 i - a scroll of fog {unknown}
 p - a scroll of remove curse {unknown}
Potions
 h - a potion of attraction {unknown}
 j - a potion of curing {unknown}
 l - 2 potions of heal wounds {unknown}
 m - a potion of degeneration {unknown}
 n - a potion of might {unknown}
 q - a potion of haste {unknown}
 r - a potion of brilliance {unknown}


   Skills:
 + Level 2.6 Fighting
 + Level 0.2 Maces & Flails
 + Level 5.0 Crossbows
 + Level 0.8 Armour
 + Level 1.7 Dodging
 + Level 1.1 Stealth


You had 2 spell levels left.
You didn't know any spells.
Your spell library was empty.

Dungeon Overview and Level Annotations

Branches:
Dungeon (2/15)

Altars:


Innate Abilities, Weirdness & Mutations

You are resistant to torment.
Your stone body is resilient. (AC +3)
You are immune to poison.
You resist negative energy. (rN+)
You are resistant to electric shocks. (rElec)
You can survive without breathing.
You are immune to petrification.
You are immune to miasma.


Message History

You hit the worm.
The worm is moderately wounded.
The worm bites you!
You hit the worm.
The worm is moderately wounded.
The worm bites you!
* * * LOW HITPOINT WARNING * * *
You hit the worm.
The worm is heavily wounded.
The worm bites you.
* * * LOW HITPOINT WARNING * * *
You hit the worm.
The worm is heavily wounded.
You hit the worm.
The worm is severely wounded.
The worm completely misses you.
You barely miss the worm.
The worm is severely wounded.
The worm bites you.
You die...

.#<........#.).....#
.#.........#.......#
.##.#'##.###.......#
....#.##.# #.......#
.####.##.# #.......#
.# #.##.# #.......#
.# #.##.#
#.......##.# .#
#.##.# ####.......#
.# #.##.# #.@.#####
## #.##.# #.w>#
#.†..# #.#$# ######
.. .# #(. .# #)# ##
#. #.


You could see a worm.

Vanquished Creatures
  An adder (D:2)
  A worm (D:2)
  A dart slug (D:1)
  A leopard gecko (D:2)
  2 bats (D:1)
  A giant cockroach (D:1)
  8 goblins
  6 hobgoblins
  6 kobolds (D:1)
  A ball python (D:1)
  6 frilled lizards
  5 rats (D:1)
39 creatures vanquished.

Notes
Turn   | Place    | Note
-------+----------+-------------------------------------------
     0 | D:1      | KittyFluff the Gargoyle Hunter began the quest for the Orb.
     0 | D:1      | Reached XP level 1. HP: 12/12 MP: 1/1
   278 | D:1      | Reached XP level 2. HP: 14/17 MP: 2/2
   606 | D:1      | Reached XP level 3. HP: 22/22 MP: 3/3
  1324 | D:2      | Reached skill level 5 in Crossbows
  1467 | D:2      | Slain by a worm

Illustrated notes

Levels and vault maps discovered:
D:1:      shiori_arrival_maze, layout_loops_ring, moated_statue,
          chequers_hall_statues_corner_a, minmay_unequal
D:2:      layout_basic, grunt_temple_overflow_holy_war, lemuel_statue_altar

Skill      XL: |  1  2  3 |
---------------+----------+-----
Crossbows      | 5 |  5.0
Fighting       | |  2.6
Maces & Flails | |  0.2
Armour         | |  0.8
Dodging        | |  1.7
Stealth        | |  1.1

Action                   || total
-------------------------++-------
Melee: Club              ||    98
 Fire: Hand crossbow     ||    46
Armor: Leather armour    ||    44
Dodge: Dodged            ||    65
